 Dungeon Crawl Stone Soup version 0.22.1-1-ga44c0e5 (webtiles) character file.

130 seyes the Changer (level 5, 30/33 HPs)
             Began as an Octopode Transmuter on Oct 27, 2018.
             Quit the game on level 2 of the Dungeon.
             The game lasted 00:08:37 (2870 turns).

seyes the Changer (Octopode Transmuter)             Turns: 2870, Time: 00:08:37

Health: 30/33      AC:  1    Str:  9    XL:     5   Next: 13%
Magic:  8/8        EV: 13    Int: 17    God:
Gold:   60         SH:  0    Dex: 12    Spells: 0/8 levels left

rFire    + . .     SeeInvis .     - Unarmed
rCold    . . .     Gourm    .   (no shield)
rNeg     . . .     Faith    .   (helmet restricted)
rPois    .         Spirit   .   (no amulet)
rElec    .         Reflect  .   g - ring of protection from fire
rCorr    .         Harm     .   (no ring)
MR       .....                  (no ring)
Stlth    ++........             (no ring)
HPRegen  0.11/turn              (no ring)
MPRegen  0.11/turn              (no ring)
                                (no ring)
                                (no ring)

@: appendage (expiring)
A: almost no armour, stealthy swim, amphibious, 8 rings, constrict 8, tentacle
spike 3, camouflage 1, gelatinous body 1
a: End Transformation


You were on level 2 of the Dungeon.
You were very hungry.
One of your tentacles had a temporary spike.
You visited 1 branch of the dungeon, and saw 2 of its levels.

You collected 60 gold pieces.

Inventory:

Missiles
 a - 12 arrows
 d - 93 stones (quivered)
Jewellery
 g - a ring of protection from fire (left tentacle)
Scrolls
 e - a scroll of fear
Potions
 b - a potion of heal wounds {unknown}
 j - a potion of curing {unknown}
Comestibles
 c - 8 rations


   Skills:
 - Level 1.0 Fighting
 - Level 2.0 Dodging
 - Level 3.0 Unarmed Combat
 + Level 2.0 Spellcasting
 + Level 5.1 Transmutations


You couldn't memorise any spells.
You knew the following spells:

 Your Spells              Type           Power        Failure   Level  Hunger
a - Beastly Appendage     Tmut           ###...       2%          1    #......
b - Blade Hands           Tmut           ###.......   54%         5    ######.
t - Sticks to Snakes      Tmut           ###.....     3%          2    ###....

Your spell library contained the following spells:

 Spells                   Type           Power        Failure   Level  Hunger
 Spider Form              Tmut/Pois      ##........   21%         3    ###....
 Ice Form                 Ice/Tmut       ##......     54%         4    #####..


Dungeon Overview and Level Annotations

Branches:
Dungeon (2/15)

Altars:

Annotations:
D:2 Natasha, Sigmund


Innate Abilities, Weirdness & Mutations

You cannot wear most types of armour.
You are very stealthy in the water. (Stealth+)
You are amphibious.
You can wear up to eight rings at the same time.
You can use your tentacles to constrict eight enemies at once.
Your skin changes colour to match your surroundings (Stealth+).
Your rubbery body absorbs attacks. (AC +1, EV +1)
One of your tentacles bears a large vicious spike.


Message History

You tentacle-slap Jessica.
You pierce Jessica.
Jessica is almost dead.
You constrict Jessica.
You kill Jessica!
Your Transmutations skill increases to level 5!
You have reached level 5!
You feel clever.
Unknown command.
Things that are here:
a dagger; a robe This spell is very dangerous to cast!
Memorise Blade Hands, consuming 5 spell levels and leaving 0?
You start memorising the spell.
You continue memorising. x5
You finish memorising.
Spell assigned to 'b'.
Your transformation is almost over.
Okay, then.
As you read the scroll labeled ZAURIS REJIMA, it crumbles to dust.
You assume a fearsome visage.
Nothing appears to happen.
It was a scroll of fear.
Are you sure you want to abandon this character and quit the game? (Confirm

.####............###
.# #..#########.#
.####..#...#...#.#
.......#.#.#.#.#.#
######.#.#.#.#.#.# #
#.#.#.#.#.#.# #
#.#.#)#.#.#.#
######.#.#.#.#.#.#
#......#.#.#.#.#@#
....#....#...#...#
###
#.#.##.#########.#
#..
#.#..............#
#.#
#.####....###....#
#.# #.........#
###.###### ####.#
#######.###
#.......# #....# #.#
#..####.# #.####
##'## #...# #.# #.#


There were no monsters in sight!

Vanquished Creatures
  Jessica (D:2)
  Natasha (D:2)
  A worker ant (D:2)
  An adder (D:2)
  A leopard gecko (D:1)
  2 giant cockroaches (D:2)
  5 hobgoblins
  5 jackals
  3 kobolds
  3 quokkas (D:2)
  A ball python (D:1)
  9 bats
  4 frilled lizards
  3 goblins
  6 rats
46 creatures vanquished.

Notes
Turn   | Place    | Note
-------+----------+-------------------------------------------
     0 | D:1      | seyes the Octopode Transmuter began the quest for the Orb.
     0 | D:1      | Reached XP level 1. HP: 13/13 MP: 3/3
   128 | D:1      | Reached XP level 2. HP: 11/18 MP: 3/5
   329 | D:1      | Reached skill level 3 in Transmutations
   839 | D:1      | Reached XP level 3. HP: 23/23 MP: 6/6
  1640 | D:2      | Learned a level 2 spell: Sticks to Snakes
  1647 | D:2      | Reached skill level 4 in Transmutations
  1647 | D:2      | Reached XP level 4. HP: 12/28 MP: 5/7
  1978 | D:2      | Noticed Natasha
  1987 | D:2      | Killed Natasha
  2415 | D:2      | Noticed Sigmund
  2462 | D:2      | Noticed Natasha
  2469 | D:2      | HP: 1/28 [something (12)]
  2837 | D:2      | Noticed Jessica
  2843 | D:2      | Killed Jessica
  2843 | D:2      | Reached skill level 5 in Transmutations
  2843 | D:2      | Reached XP level 5. HP: 27/33 MP: 6/8
  2851 | D:2      | Learned a level 5 spell: Blade Hands
  2870 | D:2      | Quit the game

Skill      XL: |  1  2  3  4 |
---------------+-------------+-----
Transmutations | 3 4 5 |  5.1
Fighting       | |  1.0
Dodging        | |  2.0
Unarmed Combat | |  3.0
Spellcasting   | |  2.0

Action                   |  1- 3 |  4- 6 || total
-------------------------+-------+-------++-------
Melee: Unarmed           |    76 |    26 ||   102
       Constrict         |    20 |     5 ||    25
       Tentacles         |     8 |     4 ||    12
       Kick              |     9 |     5 ||    14
       Punch             |       |     1 ||     1
Throw: Stone             |     4 |       ||     4
 Cast: Beastly Appendage |     9 |     5 ||    14
  Use: Scroll            |       |     4 ||     4
 Stab: Sleeping          |     8 |     2 ||    10
  Eat: Chunk             |     2 |     3 ||     5
Armor: Skin              |     4 |     1 ||     5
Dodge: Dodged            |    43 |     9 ||    52
